 Dungeon Crawl Stone Soup version 0.30-a0-465-g8901f6c8b5 (webtiles) character file.

Game seed: 14895153473744959936

128 arthad the Insei (level 5, -1/39 HPs)
             Began as a Djinni Transmuter on Dec 18, 2022.
             Hit by a goblin thrown by Robin (3 damage)
             ... on level 3 of the Dungeon on Dec 19, 2022.
             The game lasted 00:06:33 (2208 turns).

arthad the Insei (Djinni Transmuter)                Turns: 2208, Time: 00:06:34

Health: -1/39      AC:  2    Str:  9    XL:     5   Next: 34%
Gold:   135        EV: 12    Int: 16    God:
                   SH:  0    Dex: 14

rFire   + + .      SeeInvis .      - Unarmed
rCold   x . .      Faith    .    (no shield)
rNeg    . . .      Spirit   .    a - +0 robe
rPois   ∞          Reflect  .    (no helmet)
rElec   .          Harm     .    o - scarf {shadows}
rCorr   .          Rampage  .    (no gloves)
Will    .....                    (boots unavailable)
Stlth   ++........               (no amulet)
HPRegen 0.26/turn                (no ring)
MPRegen 0.00/turn                (no ring)

@: flying
A: sickness immunity, fire resistance 2, cold vulnerability 1, float, innate
caster, HP casting, extra vitality 1, no potion heal 1, sturdy frame 1, noise
suppression
a: no special abilities


You were on level 3 of the Dungeon.
You visited 1 branch of the dungeon, and saw 3 of its levels.

You collected 135 gold pieces.

Inventory:

Armour
 a - a +0 robe (worn)
 d - a scarf of harm
 o - a scarf of shadows (worn)
Magical Staves
 q - a staff of cold
Scrolls
 c - 2 scrolls of immolation
 f - 6 scrolls of identify {unknown}
 h - 2 scrolls of noise {unknown}
 j - 3 scrolls of teleportation {unknown}
 k - a scroll of enchant weapon {unknown}
 m - 2 scrolls of fog {unknown}
Potions
 b - a potion of lignification
 e - a potion of brilliance {unknown}
 g - 2 potions of mutation
 i - a potion of heal wounds {unknown}
 l - a potion of magic {unknown}
 n - a potion of degeneration {unknown}
 p - 2 potions of curing {unknown}


   Skills:
 * Level 2.5 Fighting
 + Level 2.7 Dodging
 + Level 1.1 Stealth
 * Level 3.8 Unarmed Combat
 * Level 2.3 Spellcasting


You couldn't memorise any spells.
You knew the following spells:

 Your Spells              Type           Power      Damage    Failure   Level
a - Beastly Appendage     Tmut           18%        N/A       8%          1
b - Wereblood             Tmut           9%         N/A       12%         2
c - Spider Form           Tmut/Pois      9%         N/A       22%         3
d - Ice Form              Ice/Tmut       9%         N/A       58%         4
e - Foxfire               Conj/Fire      36%        2x1d5     8%          1
f - Static Discharge      Conj/Air       18%        2-3/arc   12%         2
Your spell library was empty.

Dungeon Overview and Level Annotations

Branches:
Dungeon (3/15)

Altars:
Fedhas
Qazlal

Shops:
D:1 [

Annotations:
D:3 Robin


Innate Abilities, Weirdness & Mutations

You are immune to sickness and miasma.
You are immune to poison.
Your flesh is very heat resistant. (rF++)
You are vulnerable to cold. (rC-)
You float through the air rather than walking.
You learn spells naturally, not from books.
Your magical power is your life essence.
You have superior vitality. (+4 MHP)
Potions are less effective at restoring your health.
Your movements are slightly less encumbered by armour. (ER -2)
You passively dampen the noise of your surroundings.


Message History

Robin is severely wounded.
The goblin barely misses you. The goblin hits you but does no damage.
The goblin hits you with a +0 club.
You hit Robin but do no damage.
Robin is severely wounded.
The goblin hits you with a +0 dagger. The goblin hits you but does no damage.
Robin barely misses you. The hobgoblin barely misses you.
The goblin barely misses you. x2
You hit Robin but do no damage.
Robin is severely wounded.
Robin hits you with a +0 club. The goblin closely misses you.
The goblin hits you but does no damage. The hobgoblin closely misses you.
The goblin hits you but does no damage. The goblin closely misses you.
There are monsters nearby!
The hobgoblin attacks as you move away! The hobgoblin closely misses you.
The goblin attacks as you move away! The goblin barely misses you.
The goblin attacks as you move away! The goblin hits you with a +0 club.
Robin throws the goblin at you! The goblin barely misses you.
The goblin hits you with a +0 club.
Okay, then.
It was a potion of mutation.
You feel extremely strange.
You feel your surroundings grow quieter.
Your system partially rejects the healing effects of potions.
You feel less encumbered by your armour.
The goblin hits you with a +0 club.
* * * LOW HITPOINT WARNING * * *
The goblin barely misses you. The hobgoblin hits you.
* * * LOW HITPOINT WARNING * * *
The goblin attacks as you move away! The goblin closely misses you.
The goblin attacks as you move away! The goblin hits you with a +0 club.
* * * LOW HITPOINT WARNING * * *
The goblin attacks as you move away! The goblin hits you with a +0 club.
* * * LOW HITPOINT WARNING * * *
Robin throws the goblin at you!
* * * LOW HITPOINT WARNING * * *
The goblin barely misses you.
There is a stone staircase leading up here.
Unknown command.
Robin throws the goblin at you!
You die...

#...# ##PPP#
####.## ##### #.
...#. ## #. #...
# #.## ...###..#
#.## #..
#...g#..#......
##. #.
#g)..........#.#
#.####.g# #...)#
###g@gggg.#
......
#...g...#g....$
#.#.##
#.##.##.####.##
#.#.## #.##.##.#
.# #.....
#.##.##.# #
###... #.##.##.#
###. #.##.##.#
#. #.......# #.
#.##.#.## #.


You could see Robin, a hobgoblin and 6 goblins.

Vanquished Creatures
  Natasha (twice) (D:2)
  2 adders
  An orc (D:3)
  5 endoplasms
  2 giant cockroaches (D:1)
  9 goblins
  6 hobgoblins (D:1)
  6 kobolds
  2 quokkas
  8 ball pythons
  6 bats
  6 frilled lizards
  6 rats
61 creatures vanquished.

Vanquished Creatures (others)
  13 foxfires (D:2)
13 creatures vanquished.

Grand Total: 74 creatures vanquished

Notes
Turn   | Place    | Note
-------+----------+-------------------------------------------
     0 | D:1      | arthad the Djinni Transmuter began the quest for the Orb.
     0 | D:1      | arthad set off with the following spells memorised: Beastly
                  | Appendage, Wereblood, Spider Form, Ice Form.
     0 | D:1      | Reached XP level 1. HP: 17/17 MP: 0/0
     0 | D:1      | Noticed a large abomination
     4 | D:1      | Noticed a tentacled monstrosity
     4 | D:1      | Noticed an iron dragon
     6 | D:1      | Noticed an orb of fire
     6 | D:1      | Noticed an iron dragon
     8 | D:1      | Noticed an orb of fire
     9 | D:1      | Noticed a large abomination
    10 | D:1      | Noticed a shadow dragon
    11 | D:1      | Noticed a tentacled monstrosity
    12 | D:1      | Noticed a large abomination
    14 | D:1      | Noticed an orb of fire
    16 | D:1      | Noticed a large abomination
    18 | D:1      | Noticed a shadow dragon
    18 | D:1      | Noticed a shadow dragon
    20 | D:1      | Noticed an iron dragon
    20 | D:1      | Noticed an orb of fire
   114 | D:1      | Reached XP level 2. HP: 15/22 MP: 0/0
   505 | D:1      | Reached XP level 3. HP: 21/27 MP: 0/0
   505 | D:1      | Learned a level 1 spell: Foxfire
   811 | D:1      | Found Qiyzih's Antique Armour Shop.
  1051 | D:2      | Found a faded altar of an unknown god.
  1386 | D:2      | Noticed Natasha
  1397 | D:2      | Killed Natasha
  1398 | D:2      | Reached XP level 4. HP: 27/33 MP: 0/0
  1702 | D:2      | Noticed Natasha
  1709 | D:2      | Killed Natasha
  1710 | D:2      | Reached skill level 1 in Stealth
  1710 | D:2      | Reached XP level 5. HP: 33/39 MP: 0/0
  1710 | D:2      | Learned a level 2 spell: Static Discharge
  1782 | D:3      | Found a blossoming altar of Fedhas.
  1782 | D:3      | Found a stormy altar of Qazlal.
  2193 | D:3      | Noticed Robin
  2204 | D:3      | Gained mutation: You passively dampen the noise of your
                  | surroundings. [potion of mutation]
  2204 | D:3      | Gained mutation: Potions are less effective at restoring
                  | your health. [potion of mutation]
  2204 | D:3      | Gained mutation: Your movements are slightly less
                  | encumbered by armour. (ER -2) [potion of mutation]
  2208 | D:3      | Hit by a goblin thrown by Robin

Illustrated notes

Levels and vault maps discovered:
D:1:      shiori_arrival_whats_in_store_for_you, layout_basic, serial_shops,
          nicolae_shop_competitors_out_of_business, nicolae_figureground_sparkle
D:2:      layout_basic, hellmonk_ecumenical_altar_blasted, uniq_natasha
D:3:      layout_loops_cross, grunt_temple_overflow_forces_of_nature, uniq_robin

Skill      XL: |  1  2  3  4 |
---------------+-------------+-----
Spellcasting   | 2 |  2.3
Fighting       | 2 |  2.5
Stealth        | 1 |  1.1
Dodging        | |  2.7
Unarmed Combat | |  3.8

Action                   |  1- 3 |  4- 6 || total
-------------------------+-------+-------++-------
Melee: Unarmed           |   142 |    72 ||   214
       Headbutt          |     9 |     8 ||    17
       Punch             |     4 |     1 ||     5
 Cast: Beastly Appendage |    15 |     7 ||    22
       Foxfire           |     5 |     2 ||     7
       Spider Form       |     1 |     2 ||     3
  Use: Potion            |       |     1 ||     1
 Stab: Sleeping          |     1 |     4 ||     5
Armor: Robe              |    18 |    16 ||    34
       Skin              |       |     2 ||     2
Dodge: Dodged            |    77 |    63 ||   140

Table legend: (Time is in decaauts)
 A = Elapsed time spent in this place.
 B = Non-inter-level travel time spent in this place.
 C = Inter-level travel time spent in this place.
 D = Time resting spent in this place.
 E = Time spent auto-exploring this place.
 F = Levels seen in this place.
 G = Mean time per level.
                   A        B        C        D        E       F      G
               +--------+--------+--------+--------+--------+-----+--------+
         Total |   2202 |   2164 |     38 |    149 |   1476 |   3 |  734.0 |
       Dungeon |   2202 |   2164 |     38 |    149 |   1476 |   3 |  734.0 |
               +--------+--------+--------+--------+--------+-----+--------+

Top non-repeatable levels by time:
     D:1: 983 daAuts
     D:2: 797 daAuts
     D:3: 422 daAuts
